 Dungeon Crawl Stone Soup version 0.21.1-1-g345015f (webtiles) character file.

112 inc the Chiller (level 4, -1/21 HPs)
             Began as a Felid Ice Elementalist on Mar 4, 2018.
             Slain by an elf zombie (3 damage)
             ... in an ossuary.
             The game lasted 00:08:25 (3658 turns).

inc the Chiller (Felid Ice Elementalist)            Turns: 3658, Time: 00:08:25

Health: -1/21      AC:  6    Str:  4    XL:     4   Next: 63%
Magic:  6/8        EV: 18    Int: 17    God:
Gold:   181        SH:  0    Dex: 17    Spells: 3/7 levels left
                                        Lives:  0   Deaths: 1

rFire    . . .     SeeInvis +     - Unarmed
rCold    . . .     Gourm    .   (shield unavailable)
rNeg     . . .     Faith    .   (armour unavailable)
rPois    .         Spirit   .   (helmet unavailable)
rElec    .         Reflect  .   (cloak unavailable)
rCorr    .         Harm     .   (gloves unavailable)
MR       .....                  (boots unavailable)
Stlth    +++.......             (no amulet)
HPRegen  0.07/turn              (no ring)
MPRegen  0.11/turn              (no ring)

@: icy armour, quick
A: very small, no armour, no weapons or thrown items, stealth, claws 1, fangs 3,
see invisible, carnivore, speed 1, shaggy fur 1, slow metabolism 1, sharp paws
a: no special abilities


You were in an ossuary.
You were not hungry.

You visited 1 branch of the dungeon, and saw 4 of its levels.
You also visited: Ossuary.

You collected 181 gold pieces.

Inventory:

Scrolls
 d - 3 scrolls of teleportation
 e - 2 scrolls of amnesia
 i - 5 scrolls of remove curse
 j - a scroll of fog
 l - a scroll of immolation {unknown}
Potions
 c - a potion of mutation {unknown}
 f - 2 potions of might {unknown}
 g - a potion of resistance
Books
 a - a book of Frost

   Spells                             Type                      Level
   a - Freeze                         Ice                          1
   b - Throw Frost                    Conjuration/Ice              2
   c - Ozocubu's Armour               Charms/Ice                   3
   d - Throw Icicle                   Conjuration/Ice              4
   e - Summon Ice Beast               Ice/Summoning                4
Comestibles
 b - 8 rations


   Skills:
 - Level 3.2 Fighting
 - Level 2.6 Dodging
 - Level 2.6 Stealth
 + Level 2.9 Unarmed Combat
 - Level 2.0 Spellcasting
   Level 0.8 Conjurations
 - Level 2.3 Charms
 - Level 3.3 Ice Magic


You had 3 spell levels left.
You knew the following spells:

 Your Spells              Type           Power        Failure   Level  Hunger
a - Freeze                Ice            ##..         4%          1    #......
b - Ozocubu's Armour      Chrm/Ice       ##......     19%         3    ###....


Dungeon Overview and Level Annotations

Branches:
Dungeon (4/15)
 Temple: D:4-7

Altars:
Xom

Annotations:
D:3 batai666's ghost, amateur SpEn


Innate Abilities, Weirdness & Mutations

You cannot wear armour.
You are incapable of wielding weapons or throwing items.
Your paws allow you to move quietly. (Stealth)
You have sharp claws.
You have razor-sharp teeth.
You have supernaturally acute eyesight. (SInv)
You are carnivorous and can eat meat at any time.
You cover ground quickly.
You are covered in fur. (AC +1)
You have a slow metabolism.
Your sharp claws are effective at attacking unaware monsters.


Message History

The elf zombie hits you.
You scratch the elf zombie but do no damage.
The elf zombie is moderately damaged.
The elf zombie hits you but does no damage.
You claw the elf zombie!
The elf zombie is moderately damaged.
The elf zombie hits you!
You scratch the elf zombie but do no damage.
Your bite misses the elf zombie.
The elf zombie is moderately damaged.
You scratch the elf zombie.
The elf zombie is moderately damaged.
The elf zombie hits you.
* * * LOW HITPOINT WARNING * * *
You scratch the elf zombie but do no damage.
The elf zombie is moderately damaged.
The elf zombie hits you.
* * * LOW HITPOINT WARNING * * *
The elf zombie hits you.
You die...

#.Z.# .......'####...#
#...# ####.∩.....#...#
#..Z# #.......#...#
#...# #.......#...#
#...# ##.......#Z..#
#...# .....Z...#...#
#..Z# ###..####.#...#
#...# #..#?Z#.#..Z#
#...# #..#@...#...#
#..Z######..######...#
#..M.................#
#..Z.....8..8........#
#......Z.............#
#....................#
######################


You could see an elf zombie.

Vanquished Creatures
  A centaur zombie (Ossuary)
  Jessica (D:4)
  An iguana (D:4)
  4 adders
  3 oozes
  An adder zombie (Ossuary)
  A worm (D:3)
  2 orcs (D:4)
  A ball python (D:1)
  2 giant cockroaches
  5 goblins
  7 hobgoblins
  4 jackals (D:3)
  8 kobolds
  3 quokkas
  5 bats
  6 frilled lizards
  11 hobgoblin zombies (Ossuary)
  A jackal skeleton (D:4)
  2 jackal zombies (Ossuary)
  3 kobold zombies (Ossuary)
  A leopard gecko skeleton (D:4)
  8 orc zombies (Ossuary)
  7 rats
  2 rat zombies (D:4)
90 creatures vanquished.

Notes
Turn   | Place    | Note
-------+----------+-------------------------------------------
     0 | D:1      | inc the Felid Ice Elementalist began the quest for the Orb.
     0 | D:1      | Reached XP level 1. HP: 7/7 MP: 4/4
   439 | D:1      | Reached XP level 2. HP: 9/11 MP: 4/6
   798 | D:1      | Reached skill level 1 in Fighting
  1108 | D:2      | Found a shimmering altar of Xom.
  1223 | D:2      | Reached XP level 3. HP: 15/16 MP: 4/7
  1948 | D:3      | Reached XP level 4. HP: 21/21 MP: 8/8
  2289 | D:3      | Learned a level 3 spell: Ozocubu's Armour
  2386 | D:3      | Noticed batai666's ghost (amateur SpEn)
  2402 | D:3      | Noticed Jessica
  2435 | D:4      | Killed Jessica
  2435 | D:4      | Reached skill level 1 in Charms
  2565 | D:4      | Found a sand-covered staircase.
  2808 | D:4      | Reached skill level 1 in Unarmed Combat
  2816 | D:4      | Reached XP level 5. HP: 24/24 MP: 4/9
  3084 | Ossuary  | Entered an ossuary
  3543 | Ossuary  | HP: 1/24 [mummy (14)]
  3624 | Ossuary  | Slain by a big kobold zombie
  3625 | Ossuary  | Reached XP level 4. HP: -1/21 MP: 8/8
  3658 | Ossuary  | Slain by an elf zombie

Skill      XL: |  1  2  3  4  5 |
---------------+----------------+-----
Ice Magic      | 3 |  3.3
Fighting       | 1 3 |  3.2
Charms         | 2 |  2.3
Unarmed Combat | 1 2 |  2.9
Dodging        | |  2.6
Stealth        | |  2.6
Spellcasting   | |  2.0
Conjurations   | |  0.8

Action                   |  1- 3 |  4- 6 || total
-------------------------+-------+-------++-------
Melee: Unarmed           |    16 |   201 ||   217
       Bite              |     1 |    16 ||    17
 Cast: Freeze            |    55 |    43 ||    98
       Ozocubu's Armour  |       |     8 ||     8
  Use: Scroll            |     3 |     4 ||     7
       Potion            |       |     4 ||     4
 Stab: Sleeping          |    12 |     4 ||    16
  Eat: Chunk             |     2 |     9 ||    11
Armor: Skin              |     5 |    47 ||    52
Dodge: Dodged            |    47 |   195 ||   242
